 Dungeon Crawl Stone Soup version 0.20.0-8-g6b59dc7 (webtiles) character file.

8 mopl the Ducker (level 2, -2/14 HPs)
             Began as a Spriggan Transmuter on June 1, 2017.
             Slain by a hobgoblin
             ... wielding a +0 club
              (3 damage)
             ... on level 1 of the Dungeon.
             The game lasted 00:01:04 (209 turns).

mopl the Ducker (Spriggan Transmuter)                Turns: 209, Time: 00:01:05

Health: -2/14      AC:  2    Str:  6    XL:     2   Next: 0%
Magic:  7/7        EV: 18    Int: 14    God:
Gold:   29         SH:  0    Dex: 16    Spells: 4/7 levels left

rFire    . . .     SeeInvis +   i - -3 dagger (curse)
rCold    . . .     Gourm    .   (shield restricted)
rNeg     . . .     Faith    .   b - +0 robe
rPois    .         Spirit   .   (helmet restricted)
rElec    .         Reflect  .   (no cloak)
rCorr    .         Harm     .   (gloves unavailable)
MR       .....                  (boots unavailable)
Stlth    +.........             (no amulet)
Regen    0.1/turn               (no ring)
MPRegen  0.1/turn               (no ring)

@: very quick
A: unfitting armour, see invisible, herbivore 3, speed 3, slow metabolism 2
a: no special abilities


You were on level 1 of the Dungeon.
You were not hungry.

You visited 1 branch of the dungeon, and saw 1 of its levels.

You collected 29 gold pieces.

Inventory:

Hand Weapons
 i - a cursed -3 dagger (weapon)
Missiles
 a - 12 arrows
 e - 15 stones (quivered)
Armour
 b - a +0 robe (worn)
Scrolls
 h - a scroll of amnesia {unknown}
Potions
 f - 2 potions of heal wounds {unknown}
 g - a potion of curing {unknown}
Books
 c - a book of Changes

   Spells                             Type                      Level
   a - Beastly Appendage              Transmutation                1
   b - Sticks to Snakes               Transmutation                2
   c - Spider Form                    Transmutation/Poison         3
   d - Ice Form                       Ice/Transmutation            4
   e - Blade Hands                    Transmutation                5
Comestibles
 d - a bread ration


   Skills:
 + Level 0.7 Fighting
 + Level 3.0 Dodging
 * Level 2.7 Unarmed Combat
 - Level 3.0 Spellcasting
 + Level 2.8 Transmutations


You had 4 spell levels left.
You knew the following spells:

 Your Spells              Type           Power        Failure   Level  Hunger
a - Beastly Appendage     Tmut           #.....       7%          1    #......
w - Sticks to Snakes      Tmut           #.......     11%         2    ##.....


Dungeon Overview and Level Annotations

Branches:
Dungeon (1/15)

Altars:


Innate Abilities, Weirdness & Mutations

You are very small and have problems with some larger weapons.
You are too small for most types of armour.
You have supernaturally acute eyesight. (SInv)
You are a herbivore.
You cover ground extremely quickly.
You need consume almost no food.


Message History

The bat barely misses you. The hobgoblin closely misses you.
You barely miss the hobgoblin.
The hobgoblin is almost dead.
The bat misses you.
The hobgoblin hits you but does no damage.
You closely miss the hobgoblin.
The hobgoblin is almost dead.
The bat completely misses you. The hobgoblin hits you with a club.
* * * LOW HITPOINT WARNING * * *
You hit the hobgoblin but do no damage. Your kick misses the hobgoblin.
The hobgoblin is almost dead.
The bat barely misses you. The hobgoblin barely misses you.
You hit the hobgoblin but do no damage.
The hobgoblin is almost dead.
The bat closely misses you. The hobgoblin misses you.
You hit the hobgoblin but do no damage.
The hobgoblin is almost dead.
Your talons disappear.
The bat misses you. The hobgoblin hits you with a club.
You die...

. ##.#### ..g. ...... ##
.....#######.#.. ...
######.............#....
.........#.....#.>.#....
............#...g....#
.#..........#...@b.#.##.
.......................>
............####...#.###
..###..............# #
....#.###..#####...#
##.........# ..#.#
.####.####.# #.#... .##
#.####.# #.....# ..#
#.#....# #####...


You could see a hobgoblin and a bat.

Vanquished Creatures
  A leopard gecko (D:1)
  A giant cockroach (D:1)
  A goblin (D:1)
  A hobgoblin (D:1)
  2 frilled lizards (D:1)
  A kobold (D:1)
7 creatures vanquished.

Notes
Turn   | Place    | Note
-------+----------+-------------------------------------------
     0 | D:1      | mopl the Spriggan Transmuter began the quest for the Orb.
     0 | D:1      | Reached XP level 1. HP: 9/9 MP: 5/5
   155 | D:1      | Reached skill level 3 in Spellcasting
   155 | D:1      | Reached XP level 2. HP: 9/14 MP: 5/7
   189 | D:1      | Learned a level 2 spell: Sticks to Snakes
   209 | D:1      | Slain by a hobgoblin

Skill      XL: |  1 |
---------------+----+-----
Spellcasting   | 3 |  3.0
Fighting       | |  0.7
Dodging        | |  3.0
Unarmed Combat | |  2.7
Transmutations | |  2.8

Action                   || total
-------------------------++-------
Melee: Unarmed           ||    27
       Kick              ||     4
       Headbutt          ||     2
       Dagger            ||    14
 Cast: Beastly Appendage ||     5
Armor: Robe              ||     6
Dodge: Dodged            ||    38
